TOP OF THE 1ST |
Mexico City Cerveceros batting - Pitching for Houston Hammertime : RHP Andrés Rivera
|
Pitching: RHP Andrés Rivera
|
|
Batting: RHB Rafael Rincón
|
0-0: Fly out, F9 (Flyball, 9S)
|
Batting: RHB Ernesto Jiménez
|
0-0: Ball 1-0: Ball 2-0: Ball 3-0: Called Strike 3-1: Called Strike 3-2: Foul Ball, location: 2F 3-2: Ground out 5-3 (Groundball, 5L)
|
Batting: RHB Wallace Greene
|
0-0: Ball 1-0: Ball 2-0: Foul Ball, location: 2F 2-1: Ball 3-1: Base on Balls
|
Batting: LHB Luka Lagerweij
|
0-0: Ball 1-0: Foul Ball, location: 2F 1-1: Swinging Strike 1-2: Ball Wallace Greene is caught stealing 2nd base
|
Top of the 1st over - 0 run(s), 0 hit(s), 0 error(s), 0 left on base; Mexico City 0 - Houston 0 |
BOTTOM OF THE 1ST |
Houston Hammertime batting - Pitching for Mexico City Cerveceros : RHP Roberto Matoza
|
Pitching: RHP Roberto Matoza
|
|
Batting: RHB John Pick
|
0-0: Fly out, F9 (Flyball, 9S)
|
Batting: LHB José Villegas
|
0-0: Called Strike 0-1: Foul Ball, location: 2F 0-2: Ball 1-2: Ball 2-2: Fly out, F4 (Popup, 4MD)
|
Batting: SHB Cristo Ontiveros
|
0-0: Ball 1-0: Ball 2-0: SINGLE (Groundball, 56D) (infield hit)
|
Batting: LHB Pat Jones
|
0-0: Called Strike 0-1: Ball 1-1: Foul Ball, location: 2F 1-2: Ball 2-2: Ball 3-2: Ground out 5-3 (Groundball, 5S)
|
Bottom of the 1st over - 0 run(s), 1 hit(s), 0 error(s), 1 left on base; Mexico City 0 - Houston 0 |
TOP OF THE 2ND |
Mexico City Cerveceros batting - Pitching for Houston Hammertime : RHP Andrés Rivera
|
Batting: LHB Luka Lagerweij
|
0-0: Called Strike 0-1: DOUBLE (Line Drive, 7LM)
|
Batting: LHB Brandon Cummings
|
0-0: Ball 1-0: Called Strike 1-1: Foul Ball, location: 2F 1-2: Ground out 4-3 (Groundball, 4) Luka Lagerweij to third
|
Batting: RHB Dennis Stephenson
|
0-0: Swinging Strike 0-1: Fly out, F9 (Flyball, 9M) Runner from 3rd tags up, SCORES, throw made
|
Batting: LHB Kevin Beasley
|
0-0: Ball 1-0: Ball 2-0: Fly out, F7 (Line Drive, 78M)
|
Top of the 2nd over - 1 run(s), 1 hit(s), 0 error(s), 0 left on base; Mexico City 1 - Houston 0 |
BOTTOM OF THE 2ND |
Houston Hammertime batting - Pitching for Mexico City Cerveceros : RHP Roberto Matoza
|
Batting: RHB Mario Beltrán
|
0-0: Ball 1-0: Ball 2-0: Ground out 5-3 (Groundball, 5S)
|
Batting: RHB Moo-hyun Pak
|
0-0: Ball 1-0: Ball 2-0: Called Strike 2-1: SINGLE (Line Drive, 5D)
|
Batting: RHB Luis Barzaga
|
0-0: Called Strike 0-1: Foul Ball, location: 2F 0-2: 2-RUN HOME RUN (Flyball, 78XD), Distance : 386 ft
|
Batting: LHB Fernando Camacho
|
0-0: Called Strike 0-1: Ball 1-1: Ball 2-1: Fly out, F8 (Flyball, 8LXD)
|
Batting: RHB Santo Cruz
|
0-0: Swinging Strike 0-1: Swinging Strike 0-2: Ball 1-2: Fly out, F4 (Line Drive, 4)
|
Bottom of the 2nd over - 2 run(s), 2 hit(s), 0 error(s), 0 left on base; Mexico City 1 - Houston 2 |
TOP OF THE 3RD |
Mexico City Cerveceros batting - Pitching for Houston Hammertime : RHP Andrés Rivera
|
Batting: RHB Reynold Akker
|
0-0: Ball 1-0: Foul Ball, location: 2F 1-1: Foul Ball, location: 2F 1-2: Ball 2-2: Foul Ball, location: 2F 2-2: Foul Ball, location: 2F 2-2: Ball 3-2: Foul Ball, location: 2F 3-2: Ground out 4-3 (Groundball, 4)
|
Batting: RHB Arthur Dumais
|
0-0: Swinging Strike 0-1: Called Strike 0-2: Ball 1-2: Ground out 6-3 (Groundball, 6)
|
Batting: RHB Rafael Rincón
|
0-0: Called Strike 0-1: Ball 1-1: Ball 2-1: Called Strike 2-2: Ground out 6-3 (Groundball, 6)
|
Top of the 3rd over - 0 run(s), 0 hit(s), 0 error(s), 0 left on base; Mexico City 1 - Houston 2 |
BOTTOM OF THE 3RD |
Houston Hammertime batting - Pitching for Mexico City Cerveceros : RHP Roberto Matoza
|
Batting: RHB John Pick
|
0-0: Foul Ball, location: 2F 0-1: Ball 1-1: Swinging Strike 1-2: SINGLE (Groundball, 56D)
|
Batting: LHB José Villegas
|
0-0: Foul Ball, location: 2F 0-1: Ball 1-1: Called Strike John Pick steals 2nd base 1-2: Ball 2-2: Ball 3-2: Foul Ball, location: 2F 3-2: Strikes out swinging
|
Batting: SHB Cristo Ontiveros
|
0-0: Foul Ball, location: 2F 0-1: Ball 1-1: Foul Ball, location: 2F 1-2: Foul Ball, location: 2F 1-2: Fly out, F8 (Flyball, 8LM)
|
Batting: LHB Pat Jones
|
0-0: Ball 1-0: Foul Ball, location: 2F 1-1: Foul Ball, location: 2F 1-2: Foul Ball, location: 2F 1-2: Ground out 4-3 (Groundball, 4)
|
Bottom of the 3rd over - 0 run(s), 1 hit(s), 0 error(s), 1 left on base; Mexico City 1 - Houston 2 |
TOP OF THE 4TH |
Mexico City Cerveceros batting - Pitching for Houston Hammertime : RHP Andrés Rivera
|
Batting: RHB Ernesto Jiménez
|
0-0: Ground out 4-3 (Groundball, 4)
|
Batting: RHB Wallace Greene
|
0-0: Ball 1-0: Fly out, F8 (Line Drive, 8LD)
|
Batting: LHB Luka Lagerweij
|
0-0: Swinging Strike 0-1: Ball 1-1: Ball 2-1: Ground out 3-1 (Groundball, 3)
|
Top of the 4th over - 0 run(s), 0 hit(s), 0 error(s), 0 left on base; Mexico City 1 - Houston 2 |
BOTTOM OF THE 4TH |
Houston Hammertime batting - Pitching for Mexico City Cerveceros : RHP Roberto Matoza
|
Batting: RHB Mario Beltrán
|
0-0: Ball 1-0: Fly out, F4 (Line Drive, 4M)
|
Batting: RHB Moo-hyun Pak
|
0-0: Ball 1-0: Foul Ball, location: 2F 1-1: Foul Ball, location: 2F 1-2: SINGLE (Line Drive, 89S)
|
Batting: RHB Luis Barzaga
|
0-0: Ball 1-0: Ball 2-0: Swinging Strike 2-1: Called Strike 2-2: Strikes out looking
|
Batting: LHB Fernando Camacho
|
0-0: Foul Ball, location: 2F 0-1: Fly out, F9 (Flyball, 89XD)
|
Bottom of the 4th over - 0 run(s), 1 hit(s), 0 error(s), 1 left on base; Mexico City 1 - Houston 2 |
TOP OF THE 5TH |
Mexico City Cerveceros batting - Pitching for Houston Hammertime : RHP Andrés Rivera
|
Batting: LHB Brandon Cummings
|
0-0: Ball 1-0: Foul Ball, location: 2F 1-1: Ball 2-1: Fly out, F5 (Popup, 25F)
|
Batting: RHB Dennis Stephenson
|
0-0: Ball 1-0: Swinging Strike 1-1: Swinging Strike 1-2: DOUBLE (Line Drive, 78XD)
|
Batting: LHB Kevin Beasley
|
0-0: Ball 1-0: Called Strike 1-1: Foul Ball, location: 2F Balk! Dennis Stephenson to third 1-2: Ball 2-2: Ground out 4-3 (Groundball, 4) Dennis Stephenson scores
|
Batting: RHB Reynold Akker
|
0-0: Swinging Strike 0-1: Foul Ball, location: 2F 0-2: Strikes out looking
|
Top of the 5th over - 1 run(s), 1 hit(s), 0 error(s), 0 left on base; Mexico City 2 - Houston 2 |
BOTTOM OF THE 5TH |
Houston Hammertime batting - Pitching for Mexico City Cerveceros : RHP Roberto Matoza
|
Batting: RHB Santo Cruz
|
0-0: Ground out 6-3 (Groundball, 56)
|
Batting: RHB John Pick
|
0-0: Foul Ball, location: 2F 0-1: Ball 1-1: Called Strike 1-2: Ball 2-2: Ball 3-2: Base on Balls
|
Batting: LHB José Villegas
|
0-0: Called Strike 0-1: Ball 1-1: Ball 2-1: Ball 3-1: Ground out 4-3 (Groundball, 4M) John Pick to second
|
Batting: SHB Cristo Ontiveros
|
0-0: Called Strike 0-1: Called Strike 0-2: Strikes out swinging
|
Bottom of the 5th over - 0 run(s), 0 hit(s), 0 error(s), 1 left on base; Mexico City 2 - Houston 2 |
TOP OF THE 6TH |
Mexico City Cerveceros batting - Pitching for Houston Hammertime : RHP Andrés Rivera
|
Batting: RHB Arthur Dumais
|
0-0: Fly out, F9 (Flyball, 9M)
|
Batting: RHB Rafael Rincón
|
0-0: DOUBLE (Line Drive, 5L)
|
Batting: RHB Ernesto Jiménez
|
0-0: Ball 1-0: Called Strike 1-1: Foul Ball, location: 2F 1-2: Ball 2-2: Strikes out swinging
|
Batting: RHB Wallace Greene
|
0-0: SINGLE (Line Drive, 89S) Rafael Rincón to third
|
Batting: LHB Luka Lagerweij
|
0-0: Ball 1-0: Ball 2-0: Ball 3-0: Called Strike 3-1: Foul Ball, location: 2F 3-2: SINGLE (Groundball, 56) Rafael Rincón scores Wallace Greene to second Wallace Greene to third
|
Pitching: RHP Daniel Félix
|
|
Batting: LHB Brandon Cummings
|
0-0: Swinging Strike 0-1: Ball 1-1: Called Strike 1-2: Foul Ball, location: 2F 1-2: Ball 2-2: Strikes out swinging
|
Top of the 6th over - 1 run(s), 3 hit(s), 0 error(s), 2 left on base; Mexico City 3 - Houston 2 |
BOTTOM OF THE 6TH |
Houston Hammertime batting - Pitching for Mexico City Cerveceros : RHP Roberto Matoza
|
Pitching: RHP Glen Brewer
|
|
Batting: LHB Pat Jones
|
0-0: Ball 1-0: Called Strike 1-1: Called Strike 1-2: Ball 2-2: Ball 3-2: Ground out 5-3 (Groundball, 5L)
|
Batting: RHB Mario Beltrán
|
0-0: Ball 1-0: Ground out 4-3 (Groundball, 4)
|
Batting: RHB Moo-hyun Pak
|
0-0: Ball 1-0: Called Strike 1-1: Fly out, F9 (Flyball, 89S)
|
Bottom of the 6th over - 0 run(s), 0 hit(s), 0 error(s), 0 left on base; Mexico City 3 - Houston 2 |
TOP OF THE 7TH |
Mexico City Cerveceros batting - Pitching for Houston Hammertime : RHP Daniel Félix
|
Batting: RHB Dennis Stephenson
|
0-0: Ball 1-0: Ball 2-0: Ball 3-0: Called Strike 3-1: Foul Ball, location: 2F 3-2: SINGLE (Groundball, 56)
|
Pinch Runner at 1st Henning Huisman:
|
|
Batting: LHB Kevin Beasley
|
0-0: Ball Henning Huisman steals 2nd base 1-0: Intentional Walk
|
Batting: RHB Reynold Akker
|
0-0: Sac Bunt - play at first, batter OUT! 2-4 Henning Huisman to third Kevin Beasley to second
|
Batting: RHB Arthur Dumais
|
0-0: Called Strike 0-1: Swinging Strike 0-2: Foul Ball, location: 2F 0-2: Ball 1-2: Ball 2-2: Ball 3-2: Foul Ball, location: 2F 3-2: SINGLE (Line Drive, 7S) Henning Huisman scores Kevin Beasley to third Runner from 3rd tries for Home, SAFE, throw made home Arthur Dumais to second
|
Batting: RHB Rafael Rincón
|
0-0: Intentional Walk
|
Batting: RHB Ernesto Jiménez
|
0-0: Grounds into double play, 4-6-3 (Groundball, 4)
|
Top of the 7th over - 2 run(s), 2 hit(s), 0 error(s), 1 left on base; Mexico City 5 - Houston 2 |
BOTTOM OF THE 7TH |
Houston Hammertime batting - Pitching for Mexico City Cerveceros : RHP Glen Brewer
|
Batting: RHB Luis Barzaga
|
0-0: Ground out 3-1 (Groundball, 34)
|
Batting: LHB Fernando Camacho
|
0-0: Called Strike 0-1: Ball 1-1: Called Strike 1-2: Strikes out swinging
|
Batting: RHB Santo Cruz
|
0-0: Called Strike 0-1: Ball 1-1: Ground out 1-3 (Groundball, 13)
|
Bottom of the 7th over - 0 run(s), 0 hit(s), 0 error(s), 0 left on base; Mexico City 5 - Houston 2 |
TOP OF THE 8TH |
Mexico City Cerveceros batting - Pitching for Houston Hammertime : RHP Daniel Félix
|
Batting: RHB Wallace Greene
|
0-0: Foul Ball, location: 2F 0-1: Swinging Strike 0-2: Foul Ball, location: 2F 0-2: Fly out, F3 (Popup, 3)
|
Batting: LHB Luka Lagerweij
|
0-0: Called Strike 0-1: Called Strike 0-2: Ball 1-2: Strikes out swinging
|
Batting: LHB Brandon Cummings
|
0-0: Called Strike 0-1: Called Strike 0-2: Foul Ball, location: 2F 0-2: Ball 1-2: Ball 2-2: Foul Ball, location: 2F 2-2: SINGLE (Groundball, 6MD)
|
Pitching: RHP Ricardo Ontiveros
|
|
Batting: RHB Henning Huisman
|
0-0: Called Strike 0-1: Called Strike 0-2: Strikes out swinging
|
Top of the 8th over - 0 run(s), 1 hit(s), 0 error(s), 1 left on base; Mexico City 5 - Houston 2 |
BOTTOM OF THE 8TH |
Houston Hammertime batting - Pitching for Mexico City Cerveceros : RHP Glen Brewer
|
Pitching: RHP Troy Hawkins
|
|
Now in RF: Víctor Carrillo
|
|
Batting: RHB John Pick
|
0-0: Foul Ball, location: 2F 0-1: Ball 1-1: Ball 2-1: Foul Ball, location: 2F 2-2: SINGLE (Line Drive, 34D)
|
Batting: LHB José Villegas
|
0-0: Ball 1-0: Foul Ball, location: 2F 1-1: Ball 2-1: Foul Ball, location: 2F 2-2: Foul Ball, location: 2F 2-2: Strikes out swinging
|
Batting: SHB Cristo Ontiveros
|
0-0: Ball 1-0: Swinging Strike 1-1: Ball 2-1: Ball 3-1: Foul Ball, location: 2F 3-2: Foul Ball, location: 2F 3-2: Foul Ball, location: 2F 3-2: Fly out, F7 (Flyball, 7D)
|
Batting: LHB Pat Jones
|
0-0: Ball 1-0: Fly out, F7 (Flyball, 8LS)
|
Bottom of the 8th over - 0 run(s), 1 hit(s), 0 error(s), 1 left on base; Mexico City 5 - Houston 2 |
TOP OF THE 9TH |
Mexico City Cerveceros batting - Pitching for Houston Hammertime : RHP Ricardo Ontiveros
|
Batting: LHB Kevin Beasley
|
0-0: Ball 1-0: Swinging Strike 1-1: Ball 2-1: Swinging Strike 2-2: Ball 3-2: Strikes out swinging
|
Batting: RHB Reynold Akker
|
0-0: Foul Ball, location: 2F 0-1: Ball 1-1: Ball 2-1: Called Strike 2-2: Ball 3-2: Strikes out swinging
|
Batting: RHB Arthur Dumais
|
0-0: Ball 1-0: Called Strike 1-1: Ball 2-1: Ball 3-1: Base on Balls
|
Batting: RHB Rafael Rincón
|
0-0: Ball 1-0: SINGLE (Flyball, 7S) Arthur Dumais to second
|
Batting: RHB Ernesto Jiménez
|
0-0: Foul Ball, location: 2F 0-1: SINGLE (Groundball, 4MD) Arthur Dumais to third Rafael Rincón to second Runner from 3rd tries for Home, SAFE, throw made home
|
Batting: RHB Wallace Greene
|
0-0: Ball 1-0: Ball 2-0: Ball 3-0: Called Strike 3-1: Foul Ball, location: 2F 3-2: Base on Balls Rafael Rincón to third Ernesto Jiménez to second
|
Batting: LHB Víctor Carrillo
|
0-0: Ball 1-0: Ball 2-0: Called Strike 2-1: Foul Ball, location: 2F 2-2: Strikes out looking
|
Top of the 9th over - 1 run(s), 2 hit(s), 0 error(s), 3 left on base; Mexico City 6 - Houston 2 |
BOTTOM OF THE 9TH |
Houston Hammertime batting - Pitching for Mexico City Cerveceros : RHP Troy Hawkins
|
Batting: RHB Mario Beltrán
|
0-0: Fly out, F9 (Line Drive, 9M)
|
Batting: RHB Moo-hyun Pak
|
0-0: Ball 1-0: Foul Ball, location: 2F 1-1: Called Strike 1-2: Fly out, F8 (Flyball, 8RM)
|
Batting: RHB Luis Barzaga
|
0-0: Bunted foul 0-1: Ground out 4-3 (Groundball, 4)
|
Bottom of the 9th over - 0 run(s), 0 hit(s), 0 error(s), 0 left on base; Mexico City 6 - Houston 2 |
|